 Dungeon Crawl Stone Soup version 0.20.1-1-g8b1a95d (webtiles) character file.

261 pstr the Conjurer (level 6, 0/51 HPs)
             Began as a Kobold Conjurer on Nov 15, 2017.
             Killed from afar by an orc wizard (3 damage)
             ... with a magic dart
             ... on level 3 of the Dungeon.
             The game lasted 00:13:57 (4577 turns).

pstr the Conjurer (Kobold Conjurer)                 Turns: 4577, Time: 00:13:57

Health: 0/51       AC:  2    Str: 10    XL:     6   Next: 41%
Magic:  0/11       EV: 22    Int: 18    God:
Gold:   183        SH:  0    Dex: 21    Spells: 9/12 levels left

rFire    . . .     SeeInvis .   g - +0 short sword
rCold    . . .     Gourm    .   (shield restricted)
rNeg     . . .     Faith    .   a - +0 robe
rPois    .         Spirit   .   (no helmet)
rElec    .         Reflect  .   (no cloak)
rCorr    .         Harm     .   (no gloves)
MR       .....                  (no boots)
Stlth    ..........             (no amulet)
Regen    0.2/turn               (no ring)
MPRegen  0.2/turn               (no ring)

@: agile, berserking, very quick
A: carnivore 3
a: no special abilities


You were on level 3 of the Dungeon.
You were completely stuffed.

You visited 1 branch of the dungeon, and saw 3 of its levels.

You collected 183 gold pieces.

Inventory:

Hand Weapons
 g - a +0 short sword (weapon)
 i - a +0 club
Missiles
 j - 140 stones (quivered)
 u - 11 arrows
Armour
 a - a +0 robe (worn)
 e - a +0 helmet
 r - a cursed +0 helmet
Jewellery
 m - an uncursed ring of protection from fire {unknown}
Wands
 s - a wand of lightning (4/15)
Scrolls
 d - a scroll of enchant weapon {unknown}
 f - a scroll of enchant armour {unknown}
 h - 2 scrolls of noise {unknown}
 l - 3 scrolls of identify {unknown}
 n - 2 scrolls of blinking {unknown}
 q - a scroll of immolation {unknown}
Potions
 k - a potion of agility
 t - a potion of curing {unknown}
Books
 b - a book of Conjurations

   Spells                             Type                      Level
   a - Magic Dart                     Conjuration                  1
   b - Searing Ray                    Conjuration                  2
   c - Dazzling Spray                 Conjuration/Hexes            3
   d - Fulminant Prism                Conjuration/Hexes            4
   e - Force Lance                    Conjuration/Translocation    4
   f - Iskenderun's Mystic Blast      Conjuration                  4
Comestibles
 c - 2 meat rations
 o - 2 chunks of flesh


   Skills:
 + Level 1.0 Fighting
 + Level 1.5 Short Blades
 + Level 3.6 Dodging
 + Level 4.2 Stealth
 + Level 3.7 Spellcasting
 + Level 5.2 Conjurations


You had 9 spell levels left.
You knew the following spells:

 Your Spells              Type           Power        Failure   Level  Hunger
a - Magic Dart            Conj           ###.         1%          1    None
b - Searing Ray           Conj           ###...       2%          2    ##.....


Dungeon Overview and Level Annotations

Branches:
Dungeon (3/15)

Altars:
Nemelex Xobeh
Vehumet


Innate Abilities, Weirdness & Mutations

You are small and have problems with some larger weapons.
You are carnivorous and can eat meat at any time.


Message History

It was a potion of agility.
You feel agile all of a sudden.
The orc wizard points at you and mumbles some strange words.
The magic dart hits you!
* * * LOW HITPOINT WARNING * * *
The orc wizard miscasts a cantrip.
It was a potion of berserk rage.
A red film seems to cover your vision as you go berserk!
You feel yourself moving faster!
You feel mighty!
The orc wizard hits you with a dagger of holy wrath.
* * * LOW HITPOINT WARNING * * *
You barely miss the orc wizard.
The orc wizard is almost dead.
The orc wizard casts a spell.
The orc wizard seems to speed up.
You hit the orc wizard.
You kill the orc wizard!
The orc wizard gestures at you while chanting.
The magic dart hits you!
You die...

# ##.## # #.# # #%# #
##+## # ##...## ###
##.....## ## #.##
##.......## ..#.#
...####.........###......
......+.........@)o)....o
...####.........####.....
#.## ##.......## ... ###
##.....## . # ##...## #
##'## # #.# # #.#
###########.##


You could see an orc wizard.

Vanquished Creatures
  An orc priest (D:3)
  An orc wizard (D:3)
  Robin (D:2)
  7 adders
  2 oozes
  4 worms
  A dart slug (D:1)
  2 leopard geckos
  6 orcs (D:3)
  2 giant cockroaches
  12 goblins
  14 hobgoblins
  12 jackals
  11 kobolds
  A quokka (D:2)
  8 bats
  7 frilled lizards
  8 rats
100 creatures vanquished.

Notes
Turn   | Place    | Note
-------+----------+-------------------------------------------
     0 | D:1      | pstr the Kobold Conjurer began the quest for the Orb.
     0 | D:1      | Reached XP level 1. HP: 10/10 MP: 3/3
   334 | D:1      | Found a sparkling altar of Nemelex Xobeh.
   421 | D:1      | Reached XP level 2. HP: 10/15 MP: 0/5
   432 | D:1      | Learned a level 2 spell: Searing Ray
   826 | D:1      | Reached XP level 3. HP: 19/19 MP: 3/6
  1762 | D:2      | Noticed Robin
  1969 | D:2      | Reached XP level 4. HP: 17/24 MP: 1/7
  2885 | D:2      | Killed Robin
  2885 | D:2      | Reached XP level 5. HP: 28/28 MP: 5/9
  2977 | D:2      | Reached skill level 5 in Conjurations
  2980 | D:2      | Reached skill level 1 in Short Blades
  3132 | D:2      | Found a radiant altar of Vehumet.
  3938 | D:3      | Reached XP level 6. HP: 33/33 MP: 1/10
  4481 | D:3      | Reached skill level 1 in Fighting
  4577 | D:3      | Killed from afar by an orc wizard

Skill      XL: |  1  2  3  4  5  6 |
---------------+-------------------+-----
Stealth        | 3 4 |  4.2
Conjurations   | 5 |  5.2
Short Blades   | 1 |  1.5
Spellcasting   | 3 |  3.7
Dodging        | 3 |  3.6
Fighting       | 1 |  1.0

Action                   |  1- 3 |  4- 6 || total
-------------------------+-------+-------++-------
Melee: Club              |    17 |       ||    17
       Short sword       |    10 |    48 ||    58
 Cast: Magic Dart        |    28 |    31 ||    59
       Searing Ray       |    18 |    44 ||    62
  Use: Potion            |     1 |     2 ||     3
  Eat: Chunk             |    13 |    10 ||    23
Armor: Robe              |     7 |     9 ||    16
Dodge: Dodged            |    53 |    79 ||   132
